 Dungeon Crawl Stone Soup version 0.31-a0-210-gccc998df9b (webtiles) character file.

Game seed: 13240070347073764376

28 Ofeo the Conjurer (level 3, 28/31 HPs)
             Began as an Armataur Reaver on June 30, 2023.
             Quit the game on level 1 of the Dungeon.
             The game lasted 00:01:12 (655 turns).

Ofeo the Conjurer (Armataur Reaver)                  Turns: 655, Time: 00:01:13

Health: 28/31      AC:  8    Str: 17    XL:     3   Next: 0%
Magic:  6/6        EV:  7    Int: 15    God:
Gold:   7          SH:  0    Dex:  8    Spells: 5/6 levels left

rFire   + . .        a - +0 hand axe
rCold   . . .        (no shield)
rNeg    . . .        c - +2 scale mail {rF+}
rPois   .            (no helmet)
rElec   .            (no cloak)
rCorr   .            (no gloves)
SInv    .            (no barding)
Will    .....        h - amulet of the acrobat Stlth
                     (no ring)
HPRegen 0.25/turn    (no ring)
MPRegen 0.10/turn

%: acrobat, roll
@: no status effects
A: large, rugged brown scales 3, deformed body, armoured tail, roll, long
tongue, awkward tongue
a: no special abilities


You were on level 1 of the Dungeon.
You visited 1 branch of the dungeon, and saw 1 of its levels.

You collected 7 gold pieces.

Inventory:

Hand Weapons
 a - a +0 hand axe (weapon)
Missiles
 d - a throwing net
Armour
 b - a +0 leather armour
 c - a +2 scale mail of fire resistance (worn)
Jewellery
 h - an amulet of the acrobat (around neck)
Scrolls
 e - a scroll of identify {unknown}
Potions
 f - a potion of haste {unknown}
 g - a potion of lignification {unknown}


   Skills:
 + Level 2.1 Fighting
 + Level 2.6 Axes
 + Level 1.7 Dodging
 + Level 2.0 Spellcasting
 + Level 2.9 Conjurations


You had 5 spell levels left.
You knew the following spells:

 Your Spells              Type           Power      Damage    Failure   Level
a - Kiss of Death         Conj/Necr      24%        2d7       41%         1

Your spell library contained the following spells:

 Spells                   Type           Power      Damage    Failure   Level
 Momentum Strike          Conj/Tloc      12%        3d8       54%         2
 Hailstorm                Conj/Ice       6%         3d4       78%         3


Dungeon Overview and Level Annotations

Branches:
Dungeon (1/15)

Altars:


Innate Abilities, Weirdness & Mutations

You are completely covered in rugged brown scales. (AC +3, +7% HP)
Armour fits poorly on your strangely shaped body.
You have a long armoured tail.
You roll when moving toward enemies. (Rampage)
Your long tongue fully drains potion bottles. (2x potion effects)
Your tongue gives you trouble enunciating. (1.5x scroll delay)


Message History

You continue putting on your amulet of the acrobat.
The hobgoblin hits you but does no damage.
You finish putting on your amulet of the acrobat.
You feel ready to tumble and roll out of harm's way.
h - an amulet of the acrobat (around neck)
You take 1 damage, and have 24/25 hp.
You closely miss the hobgoblin.
The hobgoblin hits you but does no damage.
You barely miss the hobgoblin. The hobgoblin hits you.
The hobgoblin hits you but does no damage.
You take 1 damage, and have 23/25 hp.
You barely miss the hobgoblin. You tail-slap the hobgoblin.
The hobgoblin is moderately wounded.
The hobgoblin hits you but does no damage.
You hit the hobgoblin.
The hobgoblin is almost dead.
The hobgoblin hits you but does no damage.
You closely miss the hobgoblin.
The hobgoblin is almost dead.
The hobgoblin hits you but does no damage.
You barely miss the hobgoblin.
The hobgoblin is almost dead.
The hobgoblin hits you.
You take 3 damage, and have 21/25 hp.
You barely miss the hobgoblin.
The hobgoblin is almost dead.
The hobgoblin hits you but does no damage.
You hit the hobgoblin but do no damage.
The hobgoblin is almost dead.
The hobgoblin hits you but does no damage. x2
A hobgoblin is nearby!
You hit the hobgoblin.
You kill the hobgoblin!
You have reached level 3!
Your experience leads to an increase in your attributes!
Increase (s)trength, (i)ntelligence, or (d)exterity?
You feel clever. x2
You regained 6 hp, and now have 28/31 hp.
MP restored: 6 Are you sure you want to abandon this character and quit the game? (Confirm with "yes".)

.......####
#...##.#
.....#.#
.....#..
.....#..#
........#
.###.#...
.###.####
#.#####
.#...#
#....@#
.#.###
#.###.# .#.#
#.# .#.#####
######.##
.......#
#.......#
..####.#
#.####### ..#
#.# #.# ..#
#.# #.#
..####.####.#


There were no monsters in sight!

Vanquished Creatures
  A dart slug (D:1)
  2 endoplasms (D:1)
  A goblin (D:1)
  3 hobgoblins (D:1)
  4 jackals (D:1)
  3 kobolds (D:1)
  A quokka (D:1)
  A ball python (D:1)
  5 bats (D:1)
  2 rats (D:1)
23 creatures vanquished.

Notes
Turn   | Place    | Note
-------+----------+-------------------------------------------
     0 | D:1      | Ofeo the Armataur Reaver began the quest for the Orb.
     0 | D:1      | Reached XP level 1. HP: 18/18 MP: 3/3
   110 | D:1      | Reached XP level 2. HP: 25/25 MP: 4/4
   655 | D:1      | Reached XP level 3. HP: 28/31 MP: 6/6
   655 | D:1      | Quit the game

Illustrated notes

Levels and vault maps discovered:
D:1:      ebering_hopf_link, layout_basic, chequers_mini_garden

Skill      XL: |  1  2 |
---------------+-------+-----
Fighting       | 2 |  2.1
Spellcasting   | 2 |  2.0
Axes           | |  2.6
Dodging        | |  1.7
Conjurations   | |  2.9

Action                     || total
---------------------------++-------
  Melee: Hand axe          ||    59
         Tailslap          ||     7
 Armour: Leather armour    ||     3
         Scale mail        ||    40
  Dodge: Dodged            ||    26

Table legend: (Time is in decaauts)
 A = Elapsed time spent in this place.
 B = Non-inter-level travel time spent in this place.
 C = Inter-level travel time spent in this place.
 D = Time resting spent in this place.
 E = Time spent auto-exploring this place.
 F = Levels seen in this place.
 G = Mean time per level.
                   A        B        C        D        E       F      G
               +--------+--------+--------+--------+--------+-----+--------+
         Total |    665 |    665 |      0 |      4 |    493 |   1 |  665.0 |
       Dungeon |    665 |    665 |      0 |      4 |    493 |   1 |  665.0 |
               +--------+--------+--------+--------+--------+-----+--------+

Top non-repeatable levels by time:
     D:1: 665 daAuts
